 Dungeon Crawl Stone Soup version 0.28-a0-172-g787e458d71 (webtiles) character file.

Game seed: 122368584027721777

87 Sweetruy1997 the Stinger (level 4, 0/24 HPs)
             Began as a Tengu Venom Mage on Aug 16, 2021.
             Succumbed to an adder's poison
             ... on level 3 of the Dungeon.
             The game lasted 00:05:45 (3173 turns).

Sweetruy1997 the Stinger (Tengu Venom Mage)         Turns: 3173, Time: 00:05:46

Health: 0/24       AC:  3    Str:  8    XL:     4   Next: 51%
Magic:  4/9        EV: 12    Int: 17    God:
Gold:   57         SH:  0    Dex: 14    Spells: 2/8 levels left

rFire   . . .      SeeInvis .   h - +2 dagger (protect)
rCold   . . .      Faith    .   (no shield)
rNeg    . . .      Spirit   .   d - +0 leather armour
rPois   .          Reflect  .   (helmet restricted)
rElec   .          Harm     .   (no cloak)
rCorr   .          Rampage  .   (no gloves)
Will    .....                   (boots unavailable)
Stlth   ++........              (no amulet)
HPRegen 0.08/turn               (no ring)
MPRegen 0.11/turn               (no ring)

@: lethally poisoned (0 -> -4)
A: beak, talons 3
a: no special abilities


You were on level 3 of the Dungeon.
You visited 1 branch of the dungeon, and saw 3 of its levels.

You collected 57 gold pieces.

Inventory:

Hand Weapons
 h - a +2 dagger of protection (weapon)
Armour
 d - a +0 leather armour (worn)
Scrolls
 a - a scroll of noise {unknown}
 b - a scroll of torment {unknown}
 c - a scroll of identify {unknown}
 f - a scroll of fog {unknown}
 g - a scroll of summoning {unknown}
Potions
 e - a potion of heal wounds {unknown}
 i - a potion of might {unknown}


   Skills:
 + Level 0.2 Fighting
 + Level 0.7 Armour
 + Level 2.5 Dodging
 + Level 2.4 Stealth
 - Level 0.1 Unarmed Combat
 + Level 2.8 Spellcasting
 - Level 1.0 Transmutations
 - Level 1.0 Air Magic
 + Level 3.7 Poison Magic


You had 2 spell levels left.
You knew the following spells:

 Your Spells              Type           Power      Damage    Failure   Level
a - Sting                 Tmut/Pois      40%        1d5       10%         1
b - Poisonous Vapours     Pois/Air       20%        N/A       14%         2
c - Mephitic Cloud        Conj/Pois/Air  7%         N/A       36%         3

Your spell library contained the following spells:

 Spells                   Type           Power      Damage    Failure   Level
 Olgreb's Toxic Radiance  Pois           15%        N/A       47%         4


Dungeon Overview and Level Annotations

Branches:
Dungeon (3/15)

Altars:
Kikubaaqudgha

Annotations:
D:3 Terence


Innate Abilities, Weirdness & Mutations

You have a beak for a mouth.
You have claws for feet.


Message History

Confirm with . or Enter, or press ? or * to list all spells.
Aiming: Sting (safe; 10% risk of failure)
Press: ? - help, Shift-Dir - straight line, f/p - Terence
Aim: Terence, wielding a +2 vorpal flail and wearing a +1 scale mail of poison resistance (moderately wounded, 75% to hit)
The sting misses Terence.
The sting hits something.
Terence closely misses you.
Casting: Sting (safe; 10% risk of failure)
Confirm with . or Enter, or press ? or * to list all spells.
Aiming: Sting (safe; 10% risk of failure)
Press: ? - help, Shift-Dir - straight line, f/p - Terence
Aim: Terence, wielding a +2 vorpal flail and wearing a +1 scale mail of poison resistance (moderately wounded, 75% to hit)
You miscast Sting.
You are very lightly contaminated with residual magic.
Nothing appears to happen.
Terence closely misses you.
Unknown command.
You hit Terence but do no damage. You claw Terence, but do no damage.
Terence is lightly wounded.
Terence hits you but does no damage.
You hit Terence but do no damage.
Terence is lightly wounded.
Terence hits you with a +2 vorpal flail!
* * * LOW HITPOINT WARNING * * *
x2 You hit Terence.
Terence is moderately wounded.
Terence closely misses you.
Things that are here:
a +0 dagger; a +0 robe; an orc corpse Your magical contamination has completely faded away.
Terence asks, "Do you want it fast or slow?"
Terence shouts, "DIE!!!"
Terence bares his teeth.
Terence screams, "I'm going to kill you!"
An adder comes into view.
The adder hisses angrily.
The adder bites you.
* * * LOW HITPOINT WARNING * * *
You are lethally poisoned!
The adder poisons you! The adder bites you but does no damage.
* * * LOW HITPOINT WARNING * * *
You feel sick.
You die...

#......# #......#
#......# ## #......#
#####{ #<)....#
##..... ##).....#
###..#### ###.......#
#.S.## #.........#
#.###
#...##....@.#######.#
#....##
#......##.S..{.# ...#
######.S@S###### #.
###...# # # #...# ##
#.#.# ##S ..#... #.)
..####.. #.# .# #.#
#.#


You could see Terence and an adder.

Vanquished Creatures
  An orc wizard (D:3)
  An adder (D:2)
  A worm (D:2)
  A dart slug (D:1)
  2 orcs (D:3)
  8 ball pythons
  5 bats
  6 endoplasms
  A giant cockroach (D:2)
  4 goblins
  4 hobgoblins
  A quokka (D:2)
  2 frilled lizards (D:1)
  3 kobolds
  5 rats
45 creatures vanquished.

Notes
Turn   | Place    | Note
-------+----------+-------------------------------------------
     0 | D:1      | Sweetruy1997 the Tengu Venom Mage began the quest for the
                  | Orb.
     0 | D:1      | Reached XP level 1. HP: 10/10 MP: 4/4
   379 | D:1      | Reached XP level 2. HP: 15/15 MP: 3/6
   382 | D:1      | Learned a level 2 spell: Poisonous Vapours
   733 | D:1      | Found a faded altar of an unknown god.
  1123 | D:1      | Reached XP level 3. HP: 19/19 MP: 2/7
  1134 | D:1      | Learned a level 3 spell: Mephitic Cloud
  1668 | D:2      | Reached skill level 1 in Transmutations
  1747 | D:2      | Found an ancient bone altar of Kikubaaqudgha.
  2970 | D:3      | Reached XP level 4. HP: 23/24 MP: 1/8
  3036 | D:3      | Reached skill level 1 in Air Magic
  3127 | D:3      | Noticed Terence
  3172 | D:3      | HP: 1/24 [poisoned by an adder]
  3173 | D:3      | Succumbed to an adder's poison

Illustrated notes

Levels and vault maps discovered:
D:1:      amcnicky_arrival_flooded_fountain, layout_loops_corners,
          ebering_ecumenical_altar_hall, roderic_lattice_a,
          chequers_decorated_corner
D:2:      layout_basic, basic_altar
D:3:      layout_rooms, kennysheep_generic_room_8, uniq_terence

Skill      XL: |  1  2  3  4 |
---------------+-------------+-----
Transmutations | 1 |  1.0
Air Magic      | 1 |  1.0
Fighting       | |  0.2
Armour         | |  0.7
Dodging        | |  2.5
Stealth        | |  2.4
Unarmed Combat | |  0.1
Spellcasting   | |  2.8
Poison Magic   | |  3.7

Action                   |  1- 3 |  4- 6 || total
-------------------------+-------+-------++-------
Melee: Unarmed           |    15 |       ||    15
       Kick              |    10 |     6 ||    16
       Peck              |     2 |     1 ||     3
       Dagger            |    22 |    21 ||    43
 Cast: Sting             |    56 |    10 ||    66
       Poisonous Vapours |    12 |       ||    12
       Mephitic Cloud    |       |     1 ||     1
Armor: Robe              |     3 |       ||     3
       Leather armour    |     5 |     7 ||    12
Dodge: Dodged            |    23 |    11 ||    34

Table legend: (Time is in decaauts)
 A = Elapsed time spent in this place.
 B = Non-inter-level travel time spent in this place.
 C = Inter-level travel time spent in this place.
 D = Time resting spent in this place.
 E = Time spent auto-exploring this place.
 F = Levels seen in this place.
 G = Mean time per level.
                   A        B        C        D        E       F      G
               +--------+--------+--------+--------+--------+-----+--------+
         Total |   3171 |   3075 |     96 |    419 |   2334 |   3 | 1057.0 |
       Dungeon |   3171 |   3075 |     96 |    419 |   2334 |   3 | 1057.0 |
               +--------+--------+--------+--------+--------+-----+--------+

Top non-repeatable levels by time:
     D:1: 1647 daAuts
     D:2: 1314 daAuts
     D:3: 209 daAuts
